% Time on Ice - UTAH ICE BEARS
Lines # - Real PCT - Wanted PCT - Time Play
Normal Forward
1 - 37% - 36% - 18:09
2 - 30% - 31% - 14:29
3 - 22% - 23% - 10:32
4 - 11% - 10% - 5:32
Normal Defense
1 - 38% - 36% - 18:28
2 - 28% - 31% - 13:45
3 - 28% - 23% - 13:45
4 - 6% - 10% - 2:44
PP Forward
1 - 38% - 55% - 2:37
2 - 62% - 45% - 4:21
PP Defense
1 - 61% - 55% - 4:15
2 - 39% - 45% - 2:43
PK Forward
1 - 59% - 55% - 2:34
2 - 41% - 45% - 1:46
PK Defense
1 - 70% - 55% - 3:03
2 - 30% - 45% - 1:17
PK3 Forward
1 - 0% - 55%
2 - 0% - 45%
PK3 Defense
1 - 0% - 55%
2 - 0% - 45%
44 Forward
1 - 0% - 55%
2 - 0% - 45%
44 Defense
1 - 0% - 55%
2 - 0% - 45%
Last Minute Offensive  - 0:00
Last Minute Defensive  - 0:00
Total
Forward - 60:00
Defense - 60:00
% Time on Ice - PORTLAND PIRATES
Lines # - Real PCT - Wanted PCT - Time Play
Normal Forward
1 - 34% - 34% - 16:23
2 - 33% - 34% - 15:51
3 - 21% - 25% - 10:26
4 - 12% - 7% - 6:02
Normal Defense
1 - 35% - 34% - 17:11
2 - 35% - 34% - 17:10
3 - 19% - 20% - 9:07
4 - 11% - 12% - 5:14
PP Forward
1 - 56% - 60% - 2:26
2 - 44% - 40% - 1:54
PP Defense
1 - 61% - 60% - 2:39
2 - 39% - 40% - 1:41
PK Forward
1 - 71% - 60% - 4:57
2 - 29% - 40% - 2:01
PK Defense
1 - 57% - 60% - 3:58
2 - 43% - 40% - 3:00
PK3 Forward
1 - 0% - 55%
2 - 0% - 45%
PK3 Defense
1 - 0% - 55%
2 - 0% - 45%
44 Forward
1 - 0% - 55%
2 - 0% - 45%
44 Defense
1 - 0% - 55%
2 - 0% - 45%
Last Minute Offensive  - 0:00
Last Minute Defensive  - 0:00
Total
Forward - 60:00
Defense - 60:00
Play-by-Play 1st period 0:01 of 1st period - Mika Zibanejad wins face-off versus Matias Maccelli in neutral zone. 1:36 of 1st period - Shot by Chandler Stephenson. 1:36 of 1st period - Stopped by Thatcher Demko without a rebound. 1:37 of 1st period - Ross Colton wins face-off versus Jonathan Toews in UTAH ICE BEARS zone. 1:37 of 1st period - Ross Colton is hit by Mark Borowiecki. 1:49 of 1st period - Shot by Ross Colton. 1:49 of 1st period - Goal by Ross Colton - UTAH ICE BEARS : 1 - PORTLAND PIRATES : 0. 1:50 of 1st period - Jonathan Toews wins face-off versus Blake Lizotte in neutral zone. 1:52 of 1st period - Off-side. 1:53 of 1st period - Jonathan Toews wins face-off versus Ross Colton in neutral zone. 2:01 of 1st period - Off-side. 2:02 of 1st period - Blake Lizotte wins face-off versus Chandler Stephenson in neutral zone. 2:05 of 1st period - Shot by Zachary Sanford. 2:05 of 1st period - Shot Misses the Net. 2:45 of 1st period - Shot by Chandler Stephenson. 2:45 of 1st period - Stopped by Thatcher Demko without a rebound. 2:46 of 1st period - Pavel Zacha wins face-off versus Ross Colton in UTAH ICE BEARS zone. 2:51 of 1st period - Shot by Rickard Rakell. 2:51 of 1st period - Stopped by Thatcher Demko without a rebound. 2:52 of 1st period - Nicholas Paul wins face-off versus Jonathan Toews in UTAH ICE BEARS zone. 2:59 of 1st period - Shot by Pavel Zacha. 2:59 of 1st period - Stopped by Thatcher Demko without a rebound. 3:00 of 1st period - Jonathan Toews wins face-off versus Ross Colton in UTAH ICE BEARS zone. 3:23 of 1st period - Shot by William Carrier. 3:23 of 1st period - Stopped by Thatcher Demko without a rebound. 3:24 of 1st period - Mika Zibanejad wins face-off versus Nicholas Paul in UTAH ICE BEARS zone. 3:27 of 1st period - Shot by Gabriel Landeskog. 3:27 of 1st period - Shot Misses the Net. 3:57 of 1st period - Shot by Andrew Mangiapane. 3:57 of 1st period - Stopped by Cameron Talbot without a rebound. 3:58 of 1st period - Jonathan Toews wins face-off versus Lucas Raymond in PORTLAND PIRATES zone. 4:03 of 1st period - Shot by Pavel Zacha. 4:03 of 1st period - Shot Blocked by Tucker Poolman. 4:26 of 1st period - Shot by Rickard Rakell. 4:26 of 1st period - Shot Blocked by Mark Pysyk. 4:37 of 1st period - Icing by Mark Pysyk. 4:38 of 1st period - Chandler Stephenson wins face-off versus Lucas Raymond in UTAH ICE BEARS zone. 5:01 of 1st period - Shot by Robert Thomas. 5:01 of 1st period - Deflect By Yanni Gourde. 5:01 of 1st period - Shot Misses the Net. 5:36 of 1st period - Icing by Lucas Raymond. 5:37 of 1st period - Mika Zibanejad wins face-off versus Alexander Barabanov in UTAH ICE BEARS zone. 5:55 of 1st period - Icing by Mark Pysyk. 5:56 of 1st period - Jonathan Toews wins face-off versus Matthew Beniers in UTAH ICE BEARS zone. 6:40 of 1st period - Icing by Rickard Rakell. 6:41 of 1st period - Jonathan Toews wins face-off versus Ross Colton in PORTLAND PIRATES zone. 7:50 of 1st period - Shot by Andrew Mangiapane. 7:50 of 1st period - Stopped by Cameron Talbot without a rebound. 7:51 of 1st period - Blake Lizotte wins face-off versus Robert Thomas in PORTLAND PIRATES zone. 8:15 of 1st period - Off-side. 8:16 of 1st period - Jonathan Toews wins face-off versus Nicholas Paul in neutral zone. 8:37 of 1st period - Shot by Michael Amadio. 8:37 of 1st period - Stopped by Thatcher Demko without a rebound. 8:38 of 1st period - Ross Colton wins face-off versus Chandler Stephenson in UTAH ICE BEARS zone. 8:40 of 1st period - Icing by Rudolfs Balcers. 8:41 of 1st period - Chandler Stephenson wins face-off versus Ross Colton in UTAH ICE BEARS zone. 8:50 of 1st period - Shot by Yanni Gourde. 8:50 of 1st period - Stopped by Thatcher Demko with a rebound. 9:50 of 1st period - Shot by Gabriel Landeskog. 9:50 of 1st period - Shot Misses the Net. 10:51 of 1st period - Minor Penalty to Lucas Raymond for Hooking. 10:52 of 1st period - Chandler Stephenson wins face-off versus Blake Lizotte in UTAH ICE BEARS zone. 11:26 of 1st period - Icing by Brett Pesce. 11:27 of 1st period - Chandler Stephenson wins face-off versus Blake Lizotte in PORTLAND PIRATES zone. 11:32 of 1st period - Andrew Peeke is hit by Chandler Stephenson and loses puck. 11:45 of 1st period - Tucker Poolman is hit by Travis Konecny. 12:16 of 1st period - Off-side. 12:17 of 1st period - Mika Zibanejad wins face-off versus Casey Mittelstadt in neutral zone. 12:36 of 1st period - Shot by Mika Zibanejad. 12:36 of 1st period - Shot Misses the Net. 13:15 of 1st period - Minor Penalty to William Carrier for Goalie Interference. 13:16 of 1st period - Pavel Zacha wins face-off versus Matthew Beniers in PORTLAND PIRATES zone. 13:22 of 1st period - Icing by Matthew Beniers. 13:23 of 1st period - Pavel Zacha wins face-off versus Matthew Beniers in UTAH ICE BEARS zone. 13:30 of 1st period - Shot by Pavel Zacha. 13:30 of 1st period - Stopped by Thatcher Demko without a rebound. 13:31 of 1st period - Nicholas Paul wins face-off versus Pavel Zacha in UTAH ICE BEARS zone. 13:38 of 1st period - MacKenzie Weegar is hit by Pavel Zacha and loses puck. 14:24 of 1st period - Shot by Alexander Barabanov. 14:24 of 1st period - Stopped by Cameron Talbot without a rebound. 14:25 of 1st period - Pavel Zacha wins face-off versus Matthew Beniers in PORTLAND PIRATES zone. 15:04 of 1st period - Shot by Matthew Beniers. 15:04 of 1st period - Stopped by Cameron Talbot without a rebound. 15:05 of 1st period - Nicholas Paul wins face-off versus Rickard Rakell in PORTLAND PIRATES zone. 15:14 of 1st period - Shot by Andrew Mangiapane. 15:14 of 1st period - Shot Blocked by Rickard Rakell. 15:41 of 1st period - Icing by MacKenzie Weegar. 15:42 of 1st period - Ross Colton wins face-off versus Chandler Stephenson in UTAH ICE BEARS zone. 15:53 of 1st period - Shot by Kyle Okposo. 15:53 of 1st period - Stopped by Cameron Talbot without a rebound. 15:54 of 1st period - Mika Zibanejad wins face-off versus Nicholas Paul in PORTLAND PIRATES zone. 16:02 of 1st period - Icing by Bowen Byram. 16:03 of 1st period - Nicholas Paul wins face-off versus Chandler Stephenson in UTAH ICE BEARS zone. 16:54 of 1st period - Off-side. 16:55 of 1st period - Matthew Beniers wins face-off versus Mika Zibanejad in neutral zone. 17:01 of 1st period - Minor Penalty to Travis Hamonic for Slashing. 17:02 of 1st period - Pavel Zacha wins face-off versus Matthew Beniers in PORTLAND PIRATES zone. 17:23 of 1st period - Alexander Barabanov is hit by Mattias Ekholm. 18:14 of 1st period - Shot by Matias Maccelli. 18:14 of 1st period - Stopped by Cameron Talbot without a rebound. 18:15 of 1st period - Matthew Beniers wins face-off versus Yanni Gourde in PORTLAND PIRATES zone. 18:22 of 1st period - Shot by Alexander Barabanov. 18:22 of 1st period - Shot Misses the Net. 18:32 of 1st period - Shot by Alexander Barabanov. 18:32 of 1st period - Deflect By Matthew Beniers. 18:32 of 1st period - Shot Misses the Net. 18:34 of 1st period - Shot by Alexander Barabanov. 18:34 of 1st period - Shot Misses the Net. 18:36 of 1st period - Shot by MacKenzie Weegar. 18:36 of 1st period - Shot Hit the Post. 18:38 of 1st period - Shot by Bowen Byram. 18:38 of 1st period - Shot Blocked by Mattias Ekholm. 18:40 of 1st period - Shot by Bowen Byram. 18:40 of 1st period - Shot Misses the Net. 18:42 of 1st period - Shot by MacKenzie Weegar. 18:42 of 1st period - Shot Misses the Net. 18:44 of 1st period - Shot by Matthew Beniers. 18:44 of 1st period - Shot Blocked by Brian Dumoulin. 19:06 of 1st period - Off-side.